 Dungeon Crawl Stone Soup version 0.30.0-29-ga12c61a403 (webtiles) character file.

Game seed: 7905189660495611241

172 Ijustatesigmund the Stinger (level 5, -4/34 HPs)
             Began as an Octopode Venom Mage on June 19, 2023.
             Constricted to death by Natasha (6 damage)
             ... on level 2 of the Dungeon.
             The game lasted 00:04:35 (2675 turns).

Ijustatesigmund the Stinger (Octopode Venom Mage)   Turns: 2675, Time: 00:04:36

Health: -4/34      AC:  1    Str:  7    XL:     5   Next: 52%
Magic:  7/9        EV: 10    Int: 19    God:
Gold:   48         SH:  0    Dex: 13    Spells: 3/9 levels left

rFire   . . .        b - +0 whip
rCold   . . .        (no shield)
rNeg    . . .        (helmet restricted)
rPois   .            (no amulet)
rElec   .            (no ring)
rCorr   .            (no ring)
SInv    .            (no ring)
Will    .....        (no ring)
Stlth   +++          (no ring)
HPRegen 0.25/turn    (no ring)
MPRegen 0.11/turn    (no ring)
                     (no ring)

%: no passive effects
@: grasped by roots, hasted, constricted, very quick
A: almost no armour, amphibious, 8 rings, camouflage 1, gelatinous body 1,
(nimble swimmer 1), tentacles
a: no special abilities


You were on level 2 of the Dungeon.
You visited 1 branch of the dungeon, and saw 2 of its levels.

You collected 88 gold pieces.
You spent 40 gold pieces at shops.

Inventory:

Hand Weapons
 b - a +0 whip (weapon)
Scrolls
 h - a scroll of vulnerability {unknown}
Potions
 a - a potion of magic
 c - a potion of cancellation
 d - a potion of heal wounds {unknown}
 e - a potion of curing
 f - a potion of lignification {unknown}
 g - a potion of berserk rage {unknown}
 i - 2 potions of degeneration {unknown}
 j - a potion of might {unknown}
 k - a potion of haste


   Skills:
 + Level 2.2 Fighting
 - Level 2.0 Dodging
 - Level 2.6 Stealth
 + Level 2.9 Spellcasting
 + Level 1.5 Conjurations
 - Level 1.0 Transmutations
 + Level 1.7 Air Magic
 + Level 4.7 Poison Magic


You had 3 spell levels left.
You knew the following spells:

 Your Spells              Type           Power      Damage    Failure   Level
a - Sting                 Tmut/Pois      52%        1d5       4%          1
b - Poisonous Vapours     Pois/Air       30%        N/A       6%          2
c - Mephitic Cloud        Conj/Pois/Air  13%        N/A       16%         3

Your spell library contained the following spells:

 Spells                   Type           Power      Damage    Failure   Level
 Cigotuvi's Dreadful Rot  Necr/Pois/Air  22%        N/A       10%         2
 Foxfire                  Conj/Fire      20%        2x1d5     11%         1
 Olgreb's Toxic Radiance  Pois           20%        N/A       22%         4
 Dispel Undead            Necr           2%         3d7       83%         4
 Freezing Cloud           Conj/Ice/Air   3%         6-21      95%         5
 Fireball                 Conj/Fire      2%         3d4       97%         5
 Death Channel            Necr           1%         N/A       100%        6
 Plasma Beam              Fire/Air       3%         2x1d14    100%        6
 Starburst                Conj/Fire      2%         6d3       100%        6


Dungeon Overview and Level Annotations

Branches:
Dungeon (2/15)

Altars:

Shops:
D:2 ??*((

Annotations:
D:2 Natasha


Innate Abilities, Weirdness & Mutations

You cannot wear most types of armour.
You are amphibious.
You can wear up to eight rings at the same time.
Your skin changes colour to match your surroundings (Stealth+).
Your rubbery body absorbs attacks. (AC +1, EV +1)
((You are camouflaged when in or above water. (Stealth+)))
You have tentacles for arms and can constrict up to eight enemies at once.


Message History

You resist with some effort.
The endoplasm hits you but does no damage.
You hit the endoplasm.
The endoplasm is severely wounded.
Natasha zaps a wand.
The roots erupt in riotous growth!
The grasping roots grab you! The grasping roots constrict you.
The endoplasm hits you.
You hit the endoplasm.
You kill the endoplasm!
The grasping roots constrict you!
You escape the roots grasp.
Natasha barely misses you.
You feel yourself speed up.
Natasha casts a spell.
Casting: Poisonous Vapours (safe; 6% risk of failure)
Confirm with . or Enter, or press ? or * to list all spells.
Aiming: Sting (safe; 4% risk of failure)
Press: ? - help, Shift-Dir - straight line, f - Natasha
Aim: Natasha, carrying a wand of roots (7) (64% to hit)
The sting misses Natasha.
Natasha completely misses you.
Casting: Sting (safe; 4% risk of failure)
Confirm with . or Enter, or press ? or * to list all spells.
Aiming: Sting (safe; 4% risk of failure)
Press: ? - help, Shift-Dir - straight line, f/p - Natasha
Aim: Natasha, carrying a wand of roots (7) (64% to hit)
The sting hits Natasha.
Natasha is poisoned.
Natasha is lightly wounded.
The cerulean imp hits you with a +1 spear.
You hit Natasha. Your grab misses Natasha.
Natasha is moderately wounded.
Natasha zaps a wand.
The roots erupt in riotous growth!
The grasping roots grab you!
Natasha is unaffected.
The cerulean imp is unaffected.
The grasping roots constrict you. The cerulean imp barely misses you.
You hit Natasha. Your grab misses Natasha.
Natasha is heavily wounded.
Natasha claws you!
* * * LOW HITPOINT WARNING * * *
The grasping roots constrict you.
You die...

.......##.... ###.
#.#.#####.###
..........#.#
#.......#.#####..#.
######.......#..
..∩.............
.......#.#.
#.##.#.#####.>##
###.#..>...##.##.#.#
#.... .#......#...#.#.#
#...#
.#............#.###
#...#
#......#5..#.....####..#
#...h@..####.).......#
##. ##.###..#
###.####..# ... #......#
#.# ##.. ### #####.##
#.# ### #.# #.# #.# #.#
#.# #.# #.# #.# #.# #.#


You could see Natasha (poisoned) and a cerulean imp (summoned).

Vanquished Creatures
  Jessica (D:2)
  Natasha (twice) (D:2)
  Robin (D:2)
  An adder (D:2)
  3 dart slugs (D:2)
  3 ball pythons
  4 endoplasms
  9 giant cockroaches
  14 goblins
  6 hobgoblins
  9 jackals
  2 kobolds (D:1)
  A bat (D:1)
  3 frilled lizards
  4 rats
63 creatures vanquished.

Notes
Turn   | Place    | Note
-------+----------+-------------------------------------------
     0 | D:1      | Ijustatesigmund the Octopode Venom Mage began the quest for
                  | the Orb.
     0 | D:1      | Reached XP level 1. HP: 11/11 MP: 3/3
   383 | D:1      | Reached XP level 2. HP: 12/18 MP: 0/5
   389 | D:1      | Learned a level 2 spell: Poisonous Vapours
   501 | D:1      | Reached skill level 1 in Fighting
   529 | D:1      | Reached skill level 4 in Poison Magic
   561 | D:1      | Found a faded altar of an unknown god.
   776 | D:1      | Reached XP level 3. HP: 14/23 MP: 4/6
   780 | D:1      | Learned a level 3 spell: Mephitic Cloud
  1083 | D:2      | Noticed Robin
  1090 | D:2      | Killed Robin
  1363 | D:2      | Reached skill level 1 in Air Magic
  1406 | D:2      | Reached XP level 4. HP: 25/28 MP: 3/7
  1527 | D:2      | Found Peomm's Magic Scroll Shoppe.
  1558 | D:2      | Noticed Jessica
  1564 | D:2      | Killed Jessica
  1565 | D:2      | Reached skill level 1 in Conjurations
  1621 | D:2      | Bought a scroll of identify for 20 gold pieces
  1621 | D:2      | Bought a scroll of identify for 20 gold pieces
  1627 | D:2      | Found Asiw's Magic Scroll Emporium.
  2090 | D:2      | Noticed Natasha
  2099 | D:2      | Killed Natasha
  2100 | D:2      | Reached XP level 5. HP: 12/34 MP: 6/9
  2412 | D:2      | Found Wommer's Antique Weapon Shop.
  2510 | D:2      | Found Uklaedd's Antique Weapon Shoppe.
  2533 | D:2      | Noticed Natasha
  2545 | D:2      | Killed Natasha
  2664 | D:2      | Found Sogg's General Store.
  2664 | D:2      | Noticed Natasha
  2675 | D:2      | Constricted to death by Natasha

Illustrated notes

Levels and vault maps discovered:
D:1:      dpeg_arrival_boxes_within_box, layout_rooms,
          shapermc_ecumenical_altar_mp_urbaneastern
D:2:      layout_loops_ring, serial_shops, shop, shop,
          nicolae_shop_pleasant_corner_grove, shop, shop,
          minmay_worlds_worst_comb, uniq_crazy_yiuf_cottage, uniq_robin,
          uniq_jessica, uniq_natasha

Skill      XL: |  1  2  3  4 |
---------------+-------------+-----
Fighting       | 1 2 |  2.2
Poison Magic   | 4 |  4.7
Air Magic      | 1 |  1.7
Conjurations   | 1 |  1.5
Dodging        | |  2.0
Stealth        | |  2.6
Spellcasting   | |  2.9
Transmutations | |  1.0

Action                     |  1- 3 |  4- 6 || total
---------------------------+-------+-------++-------
  Melee: Whip              |    67 |    62 ||   129
         Tentacles         |    22 |     4 ||    26
         Constrict         |    20 |    15 ||    35
         Punch             |     2 |     1 ||     3
   Cast: Sting             |     6 |     3 ||     9
         Poisonous Vapours |    13 |    24 ||    37
    Use: Scroll            |       |     6 ||     6
         Potion            |       |     3 ||     3
   Stab: Sleeping          |       |     2 ||     2
 Armour: Skin              |     5 |     7 ||    12
  Dodge: Dodged            |    52 |    37 ||    89
